 Dungeon Crawl Stone Soup version 0.31-a0-1096-g246cf0196b (webtiles) character file.

Game seed: 2316207916459570504

97114 snipermoke the Carver (level 15, -6/119 HPs)
             Began as a Demonspawn Gladiator on Nov 28, 2023.
             Was the Champion of Nemelex Xobeh.
             Killed from afar by a deep elf zephyrmancer (14 damage)
             ... with a bolt of lightning
             ... on level 1 of the Elven Halls on Nov 29, 2023.
             The game lasted 01:05:56 (26054 turns).

snipermoke the Carver (Demonspawn Gladiator)       Turns: 26054, Time: 01:06:01

Health: -6/119     AC: 25    Str: 18    XL:     15   Next: 71%
Magic:  26/26      EV: 10    Int: 15    God:    Nemelex Xobeh [******]
Gold:   984        SH:  0    Dex: 17    Spells: 14/29 levels left

rFire   + . .        n - +5 great sword "Utofuope" {drain, rF- rC+ rN+}
rCold   + . .        (shield currently unavailable)
rNeg    + . .        u - +2 plate armour {rF+}
rPois   +            D - +2 hat
rElec   .            q - +0 cloak
rCorr   .            J - +1 pair of gloves of Restlessness {rF+ Will+}
SInv    .            (boots unavailable)
Will    ++...        r - amulet of regeneration Stlth
                     j - ring of poison resistance
HPRegen 1.19/turn    x - +4 ring of slaying
MPRegen 0.20/turn

%: no passive effects
@: studying Fighting
A: hooves 3, demonic guardian 3, ignite blood 2, big brain 2, shaggy fur 2
a: Renounce Religion, Draw Escape, Draw Destruction, Draw Summoning, Triple
Draw, Deal Four, Stack Five


You were on level 1 of the Elven Halls.
You worshipped Nemelex Xobeh.
Nemelex Xobeh was exalted by your worship.
You visited 5 branches of the dungeon, and saw 24 of its levels.

You collected 2182 gold pieces.
You spent 1198 gold pieces at shops.

Inventory:

Hand Weapons
 a - a +2 long sword of freezing
 n - the +5 great sword "Utofuope" (weapon) {drain, rF- rC+ rN+}
   (You bought it in a shop on level 2 of the Orcish Mines)

   rF-:       It makes you vulnerable to fire.
   rC+:       It protects you from cold.
   rN+:       It protects you from negative energy.
 w - a +0 shortbow
Missiles
 k - 53 poisoned darts (quivered)
 C - 4 throwing nets
 F - 5 javelins
 L - 5 silver javelins
Armour
 c - a +0 helmet
 o - a +0 kite shield
 q - a +0 cloak (worn)
 u - a +2 plate armour of fire resistance (worn)
 D - a +2 hat (worn)
 J - the +1 pair of gloves of Restlessness (worn) {rF+ Will+}
   (You acquired it on level 2 of the Lair of Beasts)

   rF+:       It protects you from fire.
   Will+:     It increases your willpower.
Jewellery
 i - a ring of ice
 j - a ring of poison resistance (left hand)
 l - a ring of willpower
 r - an amulet of regeneration (around neck)
 t - a ring of see invisible
 x - a +4 ring of slaying (right hand)
 E - a ring of fire
 G - a ring of magical power
 H - a ring of ice
 K - a ring of resist corrosion
Wands
 b - a wand of polymorph (4)
 g - a wand of flame (3)
 m - a wand of digging (8)
 s - a wand of charming (13)
 v - a wand of iceblast (9)
 P - a wand of acid (5)
Scrolls
 d - a scroll of fog
 h - 3 scrolls of poison
 y - 7 scrolls of amnesia
 A - 2 scrolls of identify
 M - 3 scrolls of vulnerability
 O - a scroll of immolation
 R - a scroll of silence {unknown}
Potions
 f - 5 potions of brilliance
 p - 5 potions of lignification
 z - 4 potions of magic
 B - 2 potions of enlightenment
 Q - a potion of mutation


   Skills:
 * Level 11.3 Fighting
 * Level 14.4 Long Blades
 + Level 2.2 Ranged Weapons
 + Level 2.6 Throwing
 * Level 12.7 Armour
 * Level 8.9 Dodging
 - Level 0.8 Stealth
 + Level 3.0 Shields
 * Level 7.7 Spellcasting
 * Level 2.6 Conjurations
 * Level 5.5 Summonings
 * Level 8.6 Necromancy
 * Level 2.1 Air Magic
 * Level 1.8 Invocations
 - Level 1.6 Evocations


You had 14 spell levels left.
You knew the following spells:

 Your Spells              Type           Power      Damage    Failure   Level
a - Vampiric Draining     Necr           31%        2d8       19%         3
b - Summon Cactus Giant   Summ           11%        N/A       100%        6
c - Conjure Ball Lightni  Conj/Air       6%         3x3d6     100%        6

Your spell library contained the following spells:

 Spells                   Type           Power      Damage    Failure   Level
 Necrotise                Necr           100%       1d9       6%          1
 Kiss of Death            Conj/Necr      88%        2d12      22%         1
 Summon Small Mammal      Summ           88%        N/A       22%         1
 Dispel Undead            Necr           31%        3d14      52%         4
 Call Canine Familiar     Summ           22%        N/A       54%         3
 Cigotuvi's Dreadful Rot  Necr/Pois/Air  32%        N/A       58%         2
 Poisonous Vapours        Pois/Air       18%        N/A       90%         2
 Apportation              Tloc           10%        N/A       91%         1
 Slow                     Hex            20%        N/A       91%         1
 Jinxbite                 Hex            10%        N/A       97%         2
 Dazzling Flash           Conj/Hex       18%        N/A       98%         3
 Stone Arrow              Conj/Erth      18%        3d8       98%         3
 Confusing Touch          Hex            5%         N/A       99%         3
 Frozen Ramparts          Ice            10%        1d2       99%         3
 Ignite Poison            Fire/Tmut/Pois 5%         N/A       99%         3
 Sigil of Binding         Hex            5%         N/A       99%         3
 Volatile Blastmotes      Fire/Tloc      10%        2d10      99%         3
 Summon Lightning Spire   Summ/Air       17%        N/A       99%         4
 Animate Armour           Summ/Erth      28%        N/A       100%        4
 Petrify                  Tmut/Erth      5%         N/A       100%        4
 Sticky Flame             Conj/Fire      9%         2d3       100%        4
 Vhi's Electric Charge    Tloc/Air       18%        N/A       100%        4
 Alistair's Intoxication  Tmut/Pois      3%         N/A       100%        5
 Lee's Rapid Deconstruct  Erth           2%         3d5*      100%        5
 Metabolic Englaciation   Hex/Ice        2%         N/A       100%        5
 Summon Forest            Summ/Tloc      7%         N/A       100%        5
 Summon Mana Viper        Hex/Summ       14%        N/A       100%        5
 Death Channel            Necr           15%        N/A       100%        6
 Starburst                Conj/Fire      4%         6d4       100%        6
 Borgnjor's Revivificati  Necr           15%        N/A       100%        8
 Ignition                 Fire           2%         3d3       100%        8
 Maxwell's Capacitive Co  Air            6%         ∞         100%        8
 Death's Door             Necr           15%        N/A       100%        9


Dungeon Overview and Level Annotations

Branches:
Dungeon (15/15)            Temple (0/1) D:7            Lair (5/5) D:10
  Swamp (1/4) Lair:3        Snake (0/4) Lair:2        Slime (0/5) Lair:5
    Orc (2/2) D:9             Elf (1/3) Orc:2        Vaults (0/5) D:13
 Depths (0/4) D:15

Altars:
Ashenzari
Dithmenos
Fedhas
Nemelex Xobeh
Qazlal
Ru
Trog
Uskayaw
Wu Jian
Xom
Yredelemnul

Shops:
D:2 ([(   Orc:2 :?(*=

Portals:
Pandemonium: Orc:2

Annotations:
Lair:5 1 runed translucent door


Innate Abilities, Weirdness & Mutations

You have hooves in place of feet.
A powerful demonic guardian rushes to your aid.
Your demonic aura often causes spilled blood to erupt in flames.
You have an extremely huge brain. (Int +4)
You are covered in thick fur. (AC +2)


Message History

Things that are here:
a +0 leather armour; a +0 dagger
Things that are here:
a +0 long sword; a +0 ring mail; an elf corpse You now have 984 gold pieces (gained 17).
Items here: )) [ †.
Things that are here:
a +0 long sword; a +0 ring mail; an elf corpse A deep elf zephyrmancer comes into view.
It is wielding a +4 long sword.
The deep elf zephyrmancer shouts!
The deep elf zephyrmancer casts a spell at you.
The bolt of lightning hits you!! The bolt of lightning hits you!
You hear a shout!
A deep elf zephyrmancer is nearby!
A deep elf zephyrmancer is nearby!
The deep elf zephyrmancer casts a spell at you.
The bolt of lightning hits you! The bolt of lightning misses you.
You hear a shout!
The deep elf zephyrmancer closely misses you.
You barely miss the deep elf zephyrmancer.
The deep elf zephyrmancer gestures at you while chanting.
The bolt of lightning hits you!! x2
* * * LOW HITPOINT WARNING * * *
You closely miss the deep elf zephyrmancer.
A deep elf zephyrmancer comes into view.
It is wielding a +0 long sword.
The deep elf zephyrmancer completely misses you.
You slash the deep elf zephyrmancer! You drain the deep elf zephyrmancer.
Your kick misses the deep elf zephyrmancer.
The deep elf zephyrmancer is heavily wounded.
The deep elf zephyrmancer hits you with a +4 long sword.
* * * LOW HITPOINT WARNING * * *
You closely miss the deep elf zephyrmancer.
The deep elf zephyrmancer is heavily wounded.
A deep elf zephyrmancer comes into view.
It is wielding a +0 long sword.
The deep elf zephyrmancer points at you and mumbles some strange words.
The bolt of lightning hits you!!
* * * LOW HITPOINT WARNING * * *
A demonic guardian appears!
The bolt of lightning hits you!
You die...
Your body glows slightly and disappears.

###........#
#..........#
#..........#
#..........#
#..........#
#..#.....###
#.####.###
e########2#
###
..e...e@..#
#.########.#
#+


You could see 3 deep elf zephyrmancers and a friendly lorocyproca (summoned,
invisible).

Vanquished Creatures
  Rupert (D:13)
  Kirke (D:15)
  A deep elf sorcerer (Elf:1)
  A bunyip (Swamp:1)
  Azrael (D:13)
  6 vault guards (D:13)
  Harold (Orc:1)
  Erolcha (D:13)
  2 hydras
  A catoblepas (Lair:2)
  3 centaur warriors
  A demonspawn (Orc:2)
  3 two-headed ogres
  3 boulder beetles
  5 orc high priests
  A deep troll earth mage (D:15)
  A deep elf knight (Elf:1)
  A skyshark (Lair:5)
  Amaemon (Lair:2)
  A goliath frog (Lair:5)
  A deep elf archer (Elf:1)
  Pikel (D:4)
  3 orc knights
  13 deep elf pyromancers
  2 deep elf zephyrmancers (Elf:1)
  A manticore (D:15)
  13 ugly things
  7 orc sorcerers (Orc:2)
  3 cyclopes
  9 elephants
  A smoke demon (Orc:2)
  2 orange demons
  4 black mambas
  A torpor snail (Lair:5)
  Jeremiah (D:6)
  19 cane toads
  6 komodo dragons
  2 kobold demonologists
  A rime drake (shapeshifter) (D:13)
  An efreet (D:14)
  A freezing wraith (D:15)
  2 kobold blastminers (Orc:1)
  A rime drake (Lair:5)
  A red devil (Orc:2)
  A polar bear (Lair:4)
  A hellwing (Orc:2)
  A merfolk (D:11)
  3 meliai (D:15)
  7 trolls
  2 tyrant leeches (Lair:5)
  A hornet (D:11)
  17 blink frogs
  Sigmund (D:2)
  8 slime creatures
  2 wraiths
  4 wyverns
  5 fire elementals
  41 yaks
  6 basilisks
  2 steam dragons
  19 vampire mosquitoes
  2 wargs
  2 nagas (Lair:2)
  A hell hound (D:13)
  3 acid dragons
  8 water moccasins
  A black bear (shapeshifter) (D:14)
  An ice beast (D:6)
  A sky beast (D:7)
  A swamp drake (D:9)
  2 black bears
  22 orc warriors
  9 wolves
  5 ogres
  7 centaurs
  3 phantoms (D:6)
  3 kobold brigands
  17 bullfrogs
  2 scorpions
  A gnoll sergeant (D:12)
  3 wights (D:6)
  6 killer bees (D:10)
  6 howler monkeys
  4 electric eels
  A lava snake (D:10)
  4 hounds
  Crazy Yiuf (D:2)
  A jelly (D:5)
  15 orc priests
  A gnoll bouda (D:7)
  Jessica (D:3)
  Ijyb (D:5)
  7 iguanas
  8 orc wizards
  Natasha (thrice) (D:2)
  A killer bee zombie (D:7)
  A howler monkey zombie (D:7)
  9 gnolls
  8 adders
  A shadow imp (D:5)
  A white imp (D:5)
  2 ufetubi (D:5)
  A worm (D:3)
  A dart slug (D:3)
  70 orcs
  7 ball pythons
  4 endoplasms
  3 giant cockroaches
  4 goblins
  12 hobgoblins
  19 kobolds
  4 quokkas
  3 bats
  6 frilled lizards
  12 rats
575 creatures vanquished.

Vanquished Creatures (collateral kills)
  Gastronok (D:9)
  A bunyip (Lair:3)
  A fire dragon (D:14)
  2 vault guards (D:13)
  An ice dragon (D:15)
  A dancing weapon (Elf:1)
  An orc high priest (Orc:2)
  A deep elf archer (Elf:1)
  An orc knight (Orc:2)
  2 deep elf pyromancers (Elf:1)
  A deep elf zephyrmancer (Elf:1)
  An ugly thing (D:14)
  An oklob plant (D:10)
  2 cyclopes
  A smoke demon (Orc:2)
  3 cane toads (Lair:5)
  A rime drake (Lair:5)
  A komodo dragon (Lair:5)
  4 blink frogs (Lair:5)
  3 yaks
  A vampire mosquito (Lair:5)
  A warg (Orc:1)
  A swamp worm (Lair:3)
  A water moccasin (Lair:5)
  A naga (Lair:2)
  5 orc warriors
  An ogre (Orc:1)
  A centaur (D:13)
  3 orc priests
  4 orc wizards
  A gnoll (D:12)
  An adder (D:6)
  12 orcs
  A ball python (D:4)
64 creatures vanquished.

Vanquished Creatures (others)
  A deep elf pyromancer (D:14)
  An ugly thing (D:14)
  An orc warrior (D:12)
  2 centaurs
  An orc wizard (D:9)
6 creatures vanquished.

Grand Total: 645 creatures vanquished

Notes
Turn   | Place    | Note
-------+----------+-------------------------------------------
     0 | D:1      | snipermoke the Demonspawn Gladiator began the quest for the
                  | Orb.
     0 | D:1      | Reached XP level 1. HP: 16/16 MP: 1/1
   162 | D:1      | Reached skill level 3 in Long Blades
   297 | D:1      | Gained mutation: Your demonic aura sometimes causes spilled
                  | blood to erupt in flames. [demonic ancestry]
   297 | D:1      | Reached XP level 2. HP: 22/22 MP: 2/2
   857 | D:2      | Reached XP level 3. HP: 27/28 MP: 3/3
   866 | D:2      | Found Peeffuzo's Weapon Shoppe.
   935 | D:2      | Noticed an animated pearl dragon scales
   945 | D:2      | Found Nasuluef's Armour Emporium.
   947 | D:2      | Noticed an animated plate armour
  1004 | D:2      | Noticed Natasha
  1016 | D:2      | Killed Natasha
  1017 | D:2      | Gained mutation: A weak demonic guardian rushes to your
                  | aid. [demonic ancestry]
  1017 | D:2      | Reached XP level 4. HP: 14/34 MP: 4/4
  1050 | D:2      | Noticed Natasha
  1058 | D:2      | Killed Natasha
  1059 | D:2      | Reached skill level 1 in Armour
  1222 | D:2      | Reached skill level 4 in Long Blades
  1252 | D:2      | Found Romooppe's Antique Weapon Boutique.
  1319 | D:2      | Noticed Sigmund
  1434 | D:2      | Noticed Natasha
  1440 | D:2      | Killed Natasha
  1441 | D:2      | Gained mutation: You have large cloven feet. [demonic
                  | ancestry]
  1441 | D:2      | Reached XP level 5. HP: 23/40 MP: 5/5
  1841 | D:3      | Noticed Jessica
  1845 | D:3      | Killed Jessica
  2383 | D:4      | Found a shadowy altar of Dithmenos.
  2403 | D:4      | Reached XP level 6. HP: 19/47 MP: 6/6
  2642 | D:4      | Noticed Pikel
  2652 | D:4      | Killed Pikel
  2653 | D:4      | Reached skill level 5 in Long Blades
  2653 | D:4      | Gained mutation: You have hoof-like feet. [demonic
                  | ancestry]
  2653 | D:4      | Reached XP level 7. HP: 33/53 MP: 7/7
  3154 | D:4      | Found a hide-covered altar of Uskayaw.
  3436 | D:5      | Entered Level 5 of the Dungeon
  3469 | D:5      | Found a sacrificial altar of Ru.
  3469 | D:5      | Found a bloodstained altar of Trog.
  3567 | D:5      | Reached skill level 6 in Long Blades
  3726 | D:5      | Found a shimmering altar of Xom.
  3762 | D:5      | Noticed Ijyb
  3772 | D:5      | Killed Ijyb
  3837 | D:5      | Gained mutation: A demonic guardian rushes to your aid.
                  | [demonic ancestry]
  3837 | D:5      | Reached XP level 8. HP: 54/60 MP: 8/8
  4023 | D:5      | Found a stormy altar of Qazlal.
  4626 | D:6      | Reached skill level 7 in Long Blades
  4682 | D:6      | Found a sparkling altar of Nemelex Xobeh.
  4789 | D:6      | Became a worshipper of Nemelex Xobeh the Trickster
  4834 | D:6      | Noticed Jeremiah
  4846 | D:6      | Killed Jeremiah
  4847 | D:6      | Reached skill level 5 in Fighting
  4847 | D:6      | Reached skill level 5 in Armour
  5088 | D:6      | Reached XP level 9. HP: 68/68 MP: 9/9
  5092 | D:6      | Learned a level 3 spell: Vampiric Draining
  5187 | D:6      | Reached skill level 8 in Long Blades
  5480 | D:7      | Found a staircase to the Ecumenical Temple.
  5808 | D:7      | Reached skill level 1 in Necromancy
  6164 | D:7      | Found a basalt altar of Yredelemnul.
  6255 | D:7      | Reached skill level 1 in Spellcasting
  6410 | D:8      | Gained mutation: Your body sometimes deteriorates upon
                  | taking damage. [potion of mutation]
  6410 | D:8      | Gained mutation: Your muscles are strong. (Str +4, Int/Dex
                  | -1) [potion of mutation]
  6410 | D:8      | Lost mutation: Your muscles are strong. (Str +4, Int/Dex
                  | -1) [potion of mutation]
  6410 | D:8      | Gained mutation: You possess an exceptional clarity of
                  | mind. [potion of mutation]
  6518 | D:2      | Killed Sigmund
  6995 | D:2      | Found a runed translucent door.
  6996 | D:2      | Noticed Crazy Yiuf
  7039 | D:2      | Reached * piety under Nemelex Xobeh
  7159 | D:2      | Killed Crazy Yiuf
  7265 | D:2      | Bought a +0 plate armour of fire resistance for 300 gold
                  | pieces
  7870 | D:8      | Received a gift from Nemelex Xobeh
  8239 | D:9      | Noticed Gastronok
  8831 | D:9      | Reached skill level 5 in Dodging
  8975 | D:9      | Found a staircase to the Orcish Mines.
  8989 | D:9      | Gained mutation: Your demonic aura often causes spilled
                  | blood to erupt in flames. [demonic ancestry]
  8989 | D:9      | Reached XP level 10. HP: 61/76 MP: 13/13
  9268 | D:9      | Killed Gastronok
  9269 | D:9      | Reached skill level 9 in Long Blades
  9515 | D:9      | Reached ** piety under Nemelex Xobeh
  9522 | D:9      | You fall into a shaft and drop 1 floor!
  9522 | D:10     | Entered Level 10 of the Dungeon
  9527 | D:10     | Found a staircase to the Lair.
  9540 | D:10     | Noticed an oklob plant
  9741 | D:10     | Found a broken altar of Ashenzari.
 10388 | D:10     | Received a gift from Nemelex Xobeh
 10392 | D:10     | Found a blossoming altar of Fedhas.
 10929 | D:11     | Reached skill level 1 in Ranged Weapons
 11029 | D:11     | Received a gift from Nemelex Xobeh
 11110 | D:11     | Noticed a two-headed ogre
 11154 | D:11     | Killed a two-headed ogre
 11160 | D:10     | Gained mutation: You have hooves in place of feet. [demonic
                  | ancestry]
 11160 | D:10     | Reached XP level 11. HP: 46/83 MP: 14/16
 11373 | D:11     | Noticed a two-headed ogre
 11387 | D:11     | Killed a two-headed ogre
 11637 | D:11     | Reached *** piety under Nemelex Xobeh
 12022 | D:12     | Reached skill level 10 in Long Blades
 12267 | D:12     | Identified the +5 spear of Bonus {freeze, rPois Int+3}
 12884 | D:12     | Noticed a deep elf pyromancer
 12925 | D:12     | Killed a deep elf pyromancer
 13200 | D:13     | Noticed Rupert
 13206 | D:13     | Paralysed by Rupert for 4 turns
 13219 | D:13     | Noticed Erolcha
 13223 | D:13     | Killed Erolcha
 13406 | D:13     | Reached **** piety under Nemelex Xobeh
 13465 | D:13     | Noticed Azrael
 13553 | D:13     | Received a gift from Nemelex Xobeh
 13599 | D:13     | Found a gate to the Vaults.
 13599 | D:13     | Noticed a vault guard
 13599 | D:13     | Noticed a vault guard
 13599 | D:13     | Noticed a vault guard
 13599 | D:13     | Noticed a vault guard
 13599 | D:13     | Noticed a vault guard
 13599 | D:13     | Noticed a vault guard
 13599 | D:13     | Noticed a vault guard
 13601 | D:13     | Noticed a vault guard
 13607 | D:13     | Killed a vault guard
 13608 | D:13     | Reached skill level 5 in Spellcasting
 13608 | D:13     | Reached XP level 12. HP: 66/92 MP: 17/19
 13614 | D:13     | Killed a vault guard
 13615 | D:13     | Reached skill level 5 in Necromancy
 13624 | D:13     | Killed a vault guard
 13625 | D:13     | Reached skill level 1 in Evocations
 13657 | D:13     | Killed a vault guard
 13671 | D:13     | Killed Rupert
 13814 | D:13     | Lost mutation: Your body sometimes deteriorates upon taking
                  | damage. [potion of mutation]
 13814 | D:13     | Lost mutation: You possess an exceptional clarity of mind.
                  | [potion of mutation]
 13814 | D:13     | Gained mutation: A frigid envelope surrounds you and
                  | freezes all who hurt you. [potion of mutation]
 13850 | D:13     | Reached skill level 10 in Armour
 13934 | D:13     | Killed a vault guard
 13997 | D:13     | Killed Azrael
 14001 | D:13     | Reached skill level 11 in Long Blades
 14275 | D:13     | Noticed a boulder beetle
 14286 | D:13     | Killed a boulder beetle
 14391 | D:13     | Noticed a centaur warrior
 14693 | D:13     | Killed a vault guard
 14736 | D:13     | Killed a vault guard
 14829 | D:13     | Killed a vault guard
 14899 | D:13     | Killed a centaur warrior
 15515 | D:14     | Noticed a centaur warrior
 15647 | D:13     | Learned a level 6 spell: Summon Cactus Giant
 15743 | D:13     | Gained mutation: A powerful demonic guardian rushes to your
                  | aid. [demonic ancestry]
 15743 | D:13     | Reached XP level 13. HP: 32/100 MP: 21/21
 15812 | D:14     | Reached skill level 1 in Summonings
 15971 | D:14     | Noticed a fire dragon
 16002 | D:14     | Killed a fire dragon
 16124 | D:14     | Received a gift from Nemelex Xobeh
 16158 | D:14     | Reached skill level 12 in Long Blades
 16647 | D:15     | Entered Level 15 of the Dungeon
 17007 | D:15     | Reached skill level 1 in Shields
 17414 | D:15     | Found a staircase to the Depths.
 17604 | D:15     | Noticed Kirke
 17617 | D:15     | Killed Kirke
 18083 | Orc:1    | Entered Level 1 of the Orcish Mines
 18084 | Orc:1    | Lost mutation: A frigid envelope surrounds you and freezes
                  | all who hurt you. [potion of mutation]
 18084 | Orc:1    | Gained mutation: You are covered in fur. (AC +1) [potion of
                  | mutation]
 18084 | Orc:1    | Gained mutation: You are covered in thick fur. (AC +2)
                  | [potion of mutation]
 18266 | Orc:1    | Noticed Harold
 18276 | Orc:1    | Killed Harold
 18515 | Orc:2    | Entered Level 2 of the Orcish Mines
 18537 | Orc:2    | Received a gift from Nemelex Xobeh
 18642 | Orc:2    | Found Moucidie's Book Boutique.
 18678 | Orc:2    | Reached ***** piety under Nemelex Xobeh
 18759 | Orc:2    | Received a gift from Nemelex Xobeh
 18934 | Orc:2    | Found Viun's Magic Scroll Boutique.
 18943 | Orc:2    | Found Pexkanom's General Store.
 19175 | Orc:2    | Found a staircase to the Elven Halls.
 19209 | Orc:2    | Gained mutation: You have an unusually large brain. (Int
                  | +2) [demonic ancestry]
 19209 | Orc:2    | Reached XP level 14. HP: 96/109 MP: 23/23
 19278 | Orc:2    | Bought a scroll of enchant armour for 120 gold pieces
 19278 | Orc:2    | Bought a scroll of identify for 32 gold pieces
 19278 | Orc:2    | Bought a scroll of teleportation for 48 gold pieces
 19280 | Orc:2    | Bought a wand of iceblast (7) for 252 gold pieces
 19280 | Orc:2    | Bought 2 potions of curing for 90 gold pieces
 19366 | Orc:2    | Paralysed by an orc sorcerer for 4 turns
 19399 | Orc:2    | Reached skill level 10 in Fighting
 19618 | Orc:2    | Found Plog's Antique Weapon Emporium.
 19618 | Orc:2    | Found Fisabby's Jewellery Shoppe.
 19619 | Orc:2    | Found a one-way gate leading to the halls of Pandemonium.
 19621 | Orc:2    | Bought a scorched great sword for 356 gold pieces
 19621 | Orc:2    | Identified the +5 great sword "Utofuope" {drain, rF- rC+
                  | rN+} (You bought it in a shop on level 2 of the Orcish
                  | Mines)
 20088 | Lair:1   | Entered Level 1 of the Lair of Beasts
 20280 | Lair:1   | Reached skill level 13 in Long Blades
 20382 | Lair:1   | Received a gift from Nemelex Xobeh
 20463 | Lair:1   | You fall into a shaft and drop 1 floor!
 20593 | Lair:2   | Upgraded the game from 0.31-a0-1091-g283494c966 to
                  | 0.31-a0-1096-g246cf0196b
 20593 | Lair:2   | Identified a scroll of acquirement
 20593 | Lair:2   | Acquired the +1 pair of gloves of Restlessness {rF+ Will+}
 20726 | Lair:2   | Received a gift from Nemelex Xobeh
 20726 | Lair:2   | Noticed Amaemon
 20745 | Lair:2   | Killed Amaemon
 21117 | Lair:2   | Found a staircase to the Snake Pit.
 21410 | Lair:3   | Received a gift from Nemelex Xobeh
 21860 | Lair:3   | Found a staircase to the Swamp.
 21870 | Lair:3   | Received a gift from Nemelex Xobeh
 22307 | Lair:3   | Acquired Imuseargh's Handbook of the Charged Cemetery
 22316 | Lair:3   | Learned a level 6 spell: Conjure Ball Lightning
 22540 | Lair:4   | Received a gift from Nemelex Xobeh
 22606 | Lair:4   | Reached ****** piety under Nemelex Xobeh
 22815 | Lair:4   | Received a gift from Nemelex Xobeh
 23247 | Lair:5   | Entered Level 5 of the Lair of Beasts
 23254 | Lair:5   | Gained mutation: You have an extremely huge brain. (Int +4)
                  | [demonic ancestry]
 23254 | Lair:5   | Reached XP level 15. HP: 99/117 MP: 26/26
 23310 | Lair:5   | Reached skill level 1 in Conjurations
 23346 | Lair:5   | Got the Discourse on Unified Orogeny
 23381 | Lair:5   | Found an ornate altar of the Wu Jian Council.
 23503 | Lair:5   | Reached skill level 1 in Air Magic
 23578 | Lair:5   | Reached skill level 14 in Long Blades
 23578 | Lair:5   | Reached skill level 5 in Summonings
 23743 | Lair:5   | Received a gift from Nemelex Xobeh
 23822 | Lair:5   | Found a runed translucent door.
 23879 | Lair:5   | Found a staircase to the Slime Pits.
 23879 | Lair:5   | Noticed an acid blob
 24475 | Lair:5   | Received a gift from Nemelex Xobeh
 24986 | Swamp:1  | Entered Level 1 of the Swamp
 24998 | Swamp:1  | Noticed a fenstrider witch
 25033 | Lair:3   | Identified the -1 hand axe of Destiny {protect, rN+ Int+2}
 25670 | Elf:1    | Entered Level 1 of the Elven Halls
 25688 | Elf:1    | Reached skill level 1 in Invocations
 25800 | Elf:1    | Noticed a deep elf sorcerer
 25818 | Elf:1    | Killed a deep elf sorcerer
 26054 | Elf:1    | Killed from afar by a deep elf zephyrmancer

Illustrated notes

Levels and vault maps discovered:
D:1:      minmay_arrival_shoal_huts, layout_loops_ring, st_stairs_4
D:2:      layout_basic, serial_shops, nicolae_shop_bloodbath_and_beyond,
          nicolae_shop_mannequins, shop, uniq_crazy_yiuf_cottage, uniq_sigmund,
          uniq_natasha
D:3:      layout_loops_ring, minmay_increasing_density, uniq_jessica
D:4:      layout_loops_cross, grunt_dithmenos_smoke,
          mainiacjoe_overflow_alcove_4, saegor_snake_ambush, uniq_pikel
D:5:      layout_basic, tso_metal_star, gammafunk_temple_overflow_wave,
          lemuel_round_altar, mainiacjoe_overflow_catch_the_wave, st_stairs_10,
          kennysheep_generic_room_15, uniq_ijyb
D:6:      layout_loops_ring, marbit_many_paths, uniq_jeremiah
D:7:      layout_loops_ring, lemuel_zombie_altar_yredelemnul,
          minmay_temple_entry_junction
D:8:      layout_loops_corners
D:9:      layout_basic, mainiacjoe_overflow_six_doors_small, erik_orc_1,
          dreamdust_wishing_well, uniq_gastronok
D:10:     layout_loops_ring, mainiacjoe_overflow_chevrons,
          mainiacjoe_overflow_24_doors, dpeg_oklobed_lair, kennysheep_crisscross
D:11:     layout_small_grid, hangedman_fish_farm
D:12:     minmay_skewed_foursquare, layout_cave_pools
D:13:     layout_irregular_city, erik_vaults_2, uniq_rupert, uniq_erolcha,
          uniq_azrael
D:14:     layout_irregular_city, minivault_27, hangedman_decor_lopped
D:15:     hellmonk_depths_entry_around_the_bend, layout_stronghold,
          nrook_pool_corridor, uniq_kirke
Lair:1:   layout_regular_city, grunt_megastairs_3
Lair:2:   layout_roguey, nicolae_snake_entry_squirm, uniq_amaemon
Lair:3:   layout_cave_pods, swamp_mist, lemuel_fruit_tree, serial_bayou_shore_a
Lair:4:   layout_cave_pods
Lair:5:   minmay_lair_end_frog_pond, layout_cave_pods, slime_entry_2,
          basic_altar, chequers_serial_rivers_micro_c, serial_bayou_shore_b
Swamp:1:  layout_basic_swamp, hangedman_swamp_ruin_wall, swamp_pool_1_2,
          st_swamp_ruins_3
Orc:1:    layout_diamond_mine, uniq_harold
Orc:2:    pf_orc_diabolical, layout_caves, basic_altar, serial_shops,
          nicolae_shop_advertising_works [nicolae_subvault_shop_adworks]
Elf:1:    eino_elf_arrival_customs, layout_geoelf_octagon, serial_shops,
          nicolae_shop_behind_doors, minmay_elf_sorcery, lemuel_upstairs_altar,
          minmay_shoptagon, grunt_megastairs_5

Skill      XL: |  1  2  3  4  5  6  7  8  9 10 11 12 13 14 15 |
---------------+----------------------------------------------+-----
Long Blades    | 3 4 5 6 7 8 9 10 11 12 13 14 | 14.4
Dodging        | 3 4 5 6 7 8 |  8.9
Armour         | 1 2 3 4 5 6 7 9 10 11 12 | 12.7
Throwing       | 2 |  2.6
Fighting       | 3 4 5 6 7 8 9 10 11 | 11.3
Necromancy     | 2 3 4 6 7 8 |  8.6
Spellcasting   | 2 3 5 6 7 |  7.7
Ranged Weapons | 2 |  2.2
Evocations     | 1 |  1.6
Summonings     | 3 4 5 |  5.5
Shields        | 2 3 |  3.0
Conjurations   | 2 |  2.6
Air Magic      | 2 |  2.1
Invocations    | 1 |  1.8
Stealth        | |  0.8

Action                     |  1- 3 |  4- 6 |  7- 9 | 10-12 | 13-15 || total
---------------------------+-------+-------+-------+-------+-------++-------
  Melee: Long sword        |    91 |   117 |   301 |   252 |   403 ||  1164
         Kick              |       |    22 |    77 |   108 |   336 ||   543
         Punch             |       |       |     5 |     4 |       ||     9
         Great sword       |       |       |       |    39 |   384 ||   423
   Fire: Shortbow          |       |       |       |    14 |       ||    14
  Throw: Javelin           |     1 |     1 |     1 |     2 |       ||     5
         Throwing net      |     1 |     2 |     2 |     1 |       ||     6
         Dart              |       |       |       |     5 |    14 ||    19
 Invoke: Draw Summoning    |       |       |       |     4 |     7 ||    11
         Draw Destruction  |       |       |       |     1 |     9 ||    10
         Triple Draw       |       |       |       |     1 |       ||     1
         Draw Escape       |       |       |       |     1 |     5 ||     6
  Evoke: Wand              |       |       |       |    22 |    12 ||    34
    Use: Scroll            |     5 |     3 |    11 |    10 |    12 ||    41
         Potion            |     1 |     1 |     3 |    11 |    17 ||    33
   Stab: Held in net/web   |       |       |       |     1 |       ||     1
         Distracted        |       |       |       |     1 |       ||     1
         Invisible         |       |       |       |       |     7 ||     7
 Armour: Plate armour      |   135 |   135 |   378 |   473 |  1205 ||  2326
         Leather armour    |     5 |       |       |       |       ||     5
  Dodge: Dodged            |    41 |    40 |   136 |   151 |   509 ||   877
  Block: Kite shield       |       |       |       |     8 |   284 ||   292
         Form:             |       |       |       |     1 |       ||     1
         Maw               |       |       |       |     1 |       ||     1

Table legend: (Time is in decaauts)
 A = Elapsed time spent in this place.
 B = Non-inter-level travel time spent in this place.
 C = Inter-level travel time spent in this place.
 D = Time resting spent in this place.
 E = Time spent auto-exploring this place.
 F = Levels seen in this place.
 G = Mean time per level.
                   A        B        C        D        E       F      G
               +--------+--------+--------+--------+--------+-----+--------+
         Total |  26210 |  22972 |   3238 |      0 |  18256 |  24 | 1092.1 |
       Dungeon |  18566 |  16426 |   2140 |      0 |  13481 |  15 | 1237.7 |
          Lair |   5269 |   4569 |    700 |      0 |   3552 |   5 | 1053.8 |
         Swamp |     15 |     15 |      0 |      0 |      0 |   1 |   15.0 |
  Orcish Mines |   1997 |   1605 |    392 |      0 |   1075 |   2 |  998.5 |
   Elven Halls |    361 |    356 |      5 |      0 |    148 |   1 |  361.0 |
               +--------+--------+--------+--------+--------+-----+--------+

Top non-repeatable levels by time:
    D:13: 2418 daAuts
    D:10: 1743 daAuts
  Lair:5: 1625 daAuts
   Orc:2: 1537 daAuts
     D:2: 1463 daAuts
    D:12: 1426 daAuts
  Lair:3: 1345 daAuts
    D:15: 1321 daAuts
     D:9: 1246 daAuts
     D:4: 1159 daAuts
     D:8: 1149 daAuts
     D:6: 1144 daAuts
     D:7: 971 daAuts
    D:14: 971 daAuts
     D:5: 966 daAuts
